 Dungeon Crawl Stone Soup version 0.26-a0-227-g1af32d979d (webtiles) character file.

Game seed: 10604029538828557194

1773 Gargoyl the Chopper (level 8, -2/68 HPs)
             Began as a Centaur Abyssal Knight on July 7, 2020.
             Was a Priest of Lugonu.
             Slain by an orc warrior
             ... wielding a +0 long sword
              (16 damage)
             ... on level 6 of the Dungeon.
             The game lasted 00:08:20 (6571 turns).

Gargoyl the Chopper (Centaur Abyssal Knight)        Turns: 6571, Time: 00:08:20

Health: -2/68      AC: 16    Str: 15    XL:     8   Next: 80%
Magic:  12/12      EV: 10    Int: 11    God:    Lugonu [***...]
Gold:   194        SH:  0    Dex: 11    Spells: 7/7 levels left

rFire    + + .     SeeInvis .   n - +1 war axe
rCold    + . .     Faith    .   (no shield)
rNeg     . . .     Spirit   .   e - +3 leather armour {rF+}
rPois    .         Reflect  .   p - +0 helmet
rElec    .         Harm     .   l - scarf {rC+ rF+}
rCorr    .                      s - +2 pair of gloves
MR       .....                  (no barding)
Stlth    +.........             (no amulet)
HPRegen  0.21/turn              h - +4 ring of protection
MPRegen  0.13/turn              (no ring)

@: very quick
A: large, hooves 3, deformed body, speed 2, tough skin 3
a: Depart the Abyss, Bend Space, Banish, Renounce Religion


You were on level 6 of the Dungeon.
You worshipped Lugonu.
Lugonu was most pleased with you.
You were not hungry.

You visited 1 branch of the dungeon, and saw 6 of its levels.
You visited the Abyss 1 time.

You collected 194 gold pieces.

Inventory:

Hand Weapons
 a - a +1 hand axe
 n - a +1 war axe (weapon)
Armour
 e - a +3 leather armour of fire resistance (worn)
 l - a scarf of resistance (worn)
 p - a +0 helmet (worn)
 s - a +2 pair of gloves (worn)
Jewellery
 h - a +4 ring of protection (left hand)
Wands
 j - a wand of digging (3)
Scrolls
 m - 3 scrolls of identify
 o - 5 scrolls of remove curse
Potions
 b - a potion of flight
 d - a potion of resistance {unknown}
 f - 4 potions of curing
 g - a potion of magic {unknown}
 i - a potion of lignification {unknown}
 k - a potion of mutation {unknown}
 r - a potion of ambrosia {unknown}
Comestibles
 c - 4 rations


   Skills:
 + Level 5.0 Fighting
 + Level 6.3 Axes
 * Level 3.7 Armour
 * Level 3.7 Dodging
 * Level 5.3 Invocations


You had 7 spell levels left.
You didn't know any spells.
Your spell library contained the following spells:

 Spells                   Type           Power        Failure   Level
 Apportation              Tloc           #.....       41%         1
 Summon Butterflies       Summ           #.......     41%         1
 Lesser Beckoning         Tloc           #.........   78%         3
 Tukima's Dance           Hex            #.......     78%         3
 Alistair's Intoxication  Tmut/Pois      #.......     100%        5
 Invisibility             Hex            #.......     100%        6


Dungeon Overview and Level Annotations

Branches:
Dungeon (6/15)             Temple (0/1) D:5

Altars:
Ashenzari
Dithmenos
Kikubaaqudgha
Trog
Uskayaw
Vehumet
Zin
The Shining One


Innate Abilities, Weirdness & Mutations

You have hooves in place of feet.
Armour fits poorly on your strangely shaped body.
You cover ground very quickly.
You have extremely tough skin. (AC +3)


Message History

You slash something! Lugonu accepts your kill.
Reactivating autopickup.
Your Fighting skill increases to level 5!
You feel a bit more experienced.
You hit the orc warrior.
The orc warrior hits you with a +0 long sword.
Unknown command.
Items here: ))) [[ † Unknown command.
You hit the orc warrior. You kick the orc warrior.
The orc warrior is severely wounded.
The orc warrior hits you with a +0 long sword.
You barely miss the orc warrior.
The orc warrior is severely wounded.
The orc warrior hits you with a +0 long sword!
* * * LOW HITPOINT WARNING * * *
You completely miss the orc warrior. You kick the orc warrior.
The orc warrior is almost dead.
The orc warrior hits you with a +0 long sword!
You die...

..... #.#.# #.# #### #.#.########
#.# #... ...........# #.# #o§.
#...##.#########.#############.##
......>.....................<#.#
....##.##........###.<.#######o##
#.........###.#..###...#####.....
................@......'.....r...
.....#..#.###.#o)###...#####.#.##
..<>...............'...........#
.....#..#.###.#..###......##.####
........#.# #.#..# #....#.#......
.....#..... ..................(..
...... ......#..######......###.
... .# .......... ..........# ...
####......###.


You could see an orc warrior.

Vanquished Creatures
  A black bear (D:6)
  2 sky beasts (D:5)
  2 ogres (D:5)
  2 centaurs (D:5)
  2 bullfrogs
  A scorpion (D:6)
  A howler monkey (D:5)
  A hound (D:5)
  2 centaur skeletons
  2 jellies (D:5)
  Crazy Yiuf (D:3)
  2 orc priests (D:6)
  3 orc wizards
  2 bullfrog skeletons (D:4)
  An iguana (D:5)
  8 worker ants
  A hound zombie (D:6)
  2 hound skeletons (D:4)
  6 gnolls
  4 adders
  2 white imps
  An ufetubus (D:5)
  An ooze (D:5)
  An adder zombie (D:4)
  An adder skeleton (D:4)
  4 worms
  2 dart slugs (D:1)
  A leopard gecko (D:5)
  20 orcs
  4 giant cockroaches
  5 goblins
  7 hobgoblins
  4 jackals (D:3)
  8 kobolds
  A quokka (D:2)
  3 ball pythons
  4 bats
  A frilled lizard (D:1)
  A jackal skeleton (D:4)
  8 rats
125 creatures vanquished.

Vanquished Creatures (others)
  An orc warrior (D:6)
1 creature vanquished.

Grand Total: 126 creatures vanquished

Notes
Turn   | Place    | Note
-------+----------+-------------------------------------------
     0 | Abyss:1  | Gargoyl the Centaur Abyssal Knight began the quest for the
                  | Orb.
     0 | Abyss:1  | Reached XP level 1. HP: 19/19 MP: 2/2
     4 | Abyss:1  | Found a corrupted altar of Lugonu.
    13 | Abyss:2  | Found a corrupted altar of Lugonu.
    57 | Abyss:3  | Noticed a small abomination
    81 | Abyss:3  | Noticed a tentacled starspawn
   102 | Abyss:3  | Noticed an ice beast
   108 | Abyss:3  | Noticed a revenant
   114 | Abyss:3  | Noticed an iron imp
   117 | Abyss:3  | Noticed a neqoxec
   132 | Abyss:3  | Noticed a naga warrior
   132 | Abyss:3  | Noticed a naga warrior
   133 | D:1      | Escaped the Abyss
   252 | D:1      | Reached XP level 2. HP: 21/26 MP: 3/3
   409 | D:1      | Reached * piety under Lugonu
   700 | D:1      | Reached skill level 2 in Axes
   901 | D:2      | Reached skill level 1 in Dodging
   918 | D:2      | Found a shadowy altar of Dithmenos.
   966 | D:2      | Reached XP level 3. HP: 31/31 MP: 4/4
  1154 | D:2      | Reached XP level 4. HP: 22/38 MP: 5/5
  1457 | D:2      | Found a faded altar of an unknown god.
  2149 | D:3      | Reached ** piety under Lugonu
  2242 | D:3      | Found a glowing silver altar of Zin.
  2243 | D:3      | Found a hide-covered altar of Uskayaw.
  2243 | D:3      | Found an ancient bone altar of Kikubaaqudgha.
  2245 | D:3      | Found a shadowy altar of Dithmenos.
  2245 | D:3      | Found a radiant altar of Vehumet.
  2255 | D:3      | Found a glowing golden altar of the Shining One.
  2255 | D:3      | Found a bloodstained altar of Trog.
  2256 | D:3      | Found a shattered altar of Ashenzari.
  2270 | D:3      | Reached XP level 5. HP: 27/46 MP: 7/7
  2623 | D:3      | Found a runed translucent door.
  2624 | D:3      | Noticed Crazy Yiuf
  2867 | D:3      | Killed Crazy Yiuf
  2867 | D:3      | Reached skill level 3 in Axes
  3339 | D:4      | Reached XP level 6. HP: 16/52 MP: 8/8
  3899 | D:4      | Reached skill level 4 in Axes
  4094 | D:5      | Entered Level 5 of the Dungeon
  4108 | D:5      | Noticed a sky beast
  4117 | D:5      | Killed a sky beast
  4117 | D:5      | Reached XP level 7. HP: 41/59 MP: 9/9
  4897 | D:5      | Reached *** piety under Lugonu
  5077 | D:5      | Reached skill level 5 in Axes
  5083 | D:5      | Reached XP level 8. HP: 60/67 MP: 11/11
  5572 | D:5      | Found a staircase to the Ecumenical Temple.
  6023 | D:6      | Reached skill level 5 in Invocations
  6025 | D:6      | Reached skill level 6 in Axes
  6567 | D:6      | Reached skill level 5 in Fighting
  6571 | D:6      | Slain by an orc warrior

Illustrated notes

Levels and vault maps discovered:
D:1:      minmay_arrival_pointy, layout_basic, minmay_tromino_v4_b
D:2:      layout_basic, chequers_ecumenical_altar_twisty,
          nicolae_dithmenos_through_a_glass_darkly
D:3:      layout_basic, grunt_temple_overflow_open, uniq_crazy_yiuf_cottage
D:4:      layout_basic, first_ration
D:5:      layout_loops_ring, minmay_temple_entry_mini_moons
D:6:      layout_basic

Skill      XL: |  1  2  3  4  5  6  7  8 |
---------------+-------------------------+-----
Axes           | 2 3 4 5 6 |  6.3
Dodging        | 1 2 3 |  3.7
Armour         | 2 3 |  3.7
Invocations    | 3 4 5 |  5.3
Fighting       | 4 5 |  5.0

Action                   |  1- 3 |  4- 6 |  7- 9 || total
-------------------------+-------+-------+-------++-------
Melee: Hand axe          |    78 |   184 |    36 ||   298
       Kick              |    10 |    42 |    44 ||    96
       War axe           |       |       |   120 ||   120
Invok: Depart the Abyss  |     1 |       |       ||     1
       Bend Space        |       |       |     1 ||     1
       Banish            |       |       |     1 ||     1
  Use: Scroll            |     5 |     5 |     4 ||    14
       Potion            |       |       |     1 ||     1
  Eat: Ration            |       |     2 |     3 ||     5
Armor: Leather armour    |    37 |   102 |   102 ||   241
Dodge: Dodged            |    35 |    84 |    96 ||   215

Table legend:
 A = Non-vault XP
 B = Vault XP
 C = Vault XP percentage of total XP
 D = Non-vault monster count
 E = Vault monster count
 F = Vault count percentage of total count
                 A         B        C        D         E       F
            +---------+---------+-------+---------+---------+-------
      Total |    2492 |      41 |   1.6 |     125 |       1 |   0.8
            +---------+---------+-------+---------+---------+-------
        D:1 |      34 |       0 |   0.0 |      19 |       0 |   0.0
        D:2 |      83 |       0 |   0.0 |      16 |       0 |   0.0
        D:3 |      97 |      41 |  29.7 |      26 |       1 |   3.7
        D:4 |     408 |       0 |   0.0 |      19 |       0 |   0.0
        D:5 |    1102 |       0 |   0.0 |      27 |       0 |   0.0
        D:6 |     768 |       0 |   0.0 |      18 |       0 |   0.0
            +---------+---------+-------+---------+---------+-------
